 Dungeon Crawl Stone Soup version 0.30.0-5-g1a98f26d00 (webtiles) character file.

Game seed: 9194050779601433539

80 SnakkuSnakku7 the Firebug (level 4, -1/23 HPs)
             Began as a Vine Stalker Fire Elementalist on May 13, 2023.
             Slain by a gnoll
             ... wielding a +0 flail
              (8 damage)
             ... on level 3 of the Dungeon.
             The game lasted 00:02:41 (2084 turns).

SnakkuSnakku7 the Firebug (VSFE)                    Turns: 2084, Time: 00:02:42

Health: -1/23      AC:  2    Str: 12    XL:     4   Next: 39%
Magic:  0/8        EV: 11    Int: 15    God:
Gold:   120        SH:  3    Dex: 15    Spells: 6/7 levels left

rFire   . .          .
                       - Unarmed
rCold   . . .        l - +0 buckler
rNeg    . . .        a - +0 robe
rPois   .            (no helmet)
rElec   .            (no cloak)
rCorr   .            (no gloves)
SInv    .            (no boots)
Will    .....        (no amulet)
Stlth   ++           (no ring)
HPRegen 1.03/turn    (no ring)
MPRegen 0.11/turn

%: guardian spirit
@: no status effects
A: fangs 2, regeneration 1, magic shield, antimagic bite, no potion heal 2
a: no special abilities


You were on level 3 of the Dungeon.
You visited 1 branch of the dungeon, and saw 4 of its levels.

You collected 120 gold pieces.

Inventory:

Armour
 a - a +0 robe (worn)
 l - a +0 buckler (worn)
Jewellery
 e - a ring of magical power
Scrolls
 d - 3 scrolls of noise {unknown}
 f - a scroll of butterflies {unknown}
 h - 3 scrolls of identify {unknown}
 j - 2 scrolls of enchant armour {unknown}
 m - 3 scrolls of immolation {unknown}
 o - a scroll of silence {unknown}
 p - 2 scrolls of brand weapon {unknown}
 q - a scroll of enchant weapon {unknown}
 r - a scroll of teleportation {unknown}
 s - a scroll of blinking {unknown}
Potions
 b - a potion of magic
 c - a potion of mutation {unknown}
 g - 3 potions of ambrosia {unknown}
 i - 3 potions of curing {unknown}
 k - a potion of attraction {unknown}
 n - 2 potions of brilliance {unknown}


   Skills:
 + Level 2.3 Fighting
 - Level 1.5 Dodging
 - Level 2.4 Stealth
 + Level 2.5 Unarmed Combat
 - Level 2.1 Spellcasting
 - Level 1.0 Conjurations
 - Level 3.0 Fire Magic


You had 6 spell levels left.
You knew the following spells:

 Your Spells              Type           Power      Damage    Failure   Level
a - Foxfire               Conj/Fire      28%        2x1d5     14%         1

Your spell library contained the following spells:

 Spells                   Type           Power      Damage    Failure   Level
 Scorch                   Fire           20%        2d6       14%         2
 Ensorcelled Hibernation  Hex/Ice        2%         N/A       43%         2
 Inner Flame              Hex/Fire       6%         N/A       45%         3
 Volatile Blastmotes      Fire/Tloc      12%        2d11      45%         3
 Spider Form              Tmut/Pois      1%         N/A       67%         3
 Flame Wave               Conj/Fire      7%         2d5       80%         4
 Anguish                  Hex/Necr       0%         N/A       97%         4


Dungeon Overview and Level Annotations

Branches:
Dungeon (4/15)
 Temple: D:4-7

Altars:
Ashenzari
Cheibriados
Elyvilon
Xom


Innate Abilities, Weirdness & Mutations

You have extremely sharp teeth.
Your natural rate of healing is unusually fast.
When hurt, damage is shared between your health and your magic reserves.
Your bite disrupts and absorbs the magic of your enemies.
Potions cannot restore your health.


Message History

The gnoll shouts!
The gnoll barely misses you.
There is a stone staircase leading up here.
The gnoll misses you. The gnoll misses you.
There is a stone staircase leading up here.
The gnoll hits you with a +0 spear. The gnoll hits you with a +0 flail.
You climb upwards.
There is a stone staircase leading down here.
Unknown command.
The gnoll misses you.
You barely miss the gnoll. You bite the gnoll. You drain its power.
You feel invigorated.
The gnoll is lightly wounded.
You hit the gnoll.
The gnoll is moderately wounded.
The gnoll barely misses you.
You closely miss the gnoll. You bite the gnoll. You drain its power.
The gnoll is heavily wounded.
The gnoll barely misses you. The gnoll hits you with a +0 flail!
You hit the gnoll. You bite the gnoll. You drain its power.
You feel invigorated.
The gnoll is almost dead.
The gnoll hits you but does no damage. The gnoll hits you with a +0 flail!
You are too injured to fight recklessly!
You are too injured to fight recklessly!
You are too injured to fight recklessly!
You closely miss the gnoll.
The gnoll is almost dead.
The gnoll hits you from afar with a +0 spear.
* * * LOW HITPOINT WARNING * * *
You block the gnoll's attack.
You closely miss the gnoll.
The gnoll is almost dead.
The gnoll completely misses you. The gnoll hits you with a +0 flail.
* * * LOW HITPOINT WARNING * * *
You barely miss the gnoll. You bite the gnoll, but do no damage.
The gnoll is almost dead.
You block the gnoll's attack. The gnoll hits you with a +0 flail!
You die...

#..†....###..#######.......######
###.######..## #.....########...#
#......>.#####.###.# #.###
####.........#.# #.# #....
#.........#.# #.# #.###
#.........#.# #.# #....
#.........#.# #.# #..##
#........g#.###.# #...#
#.........g@..#.# ##..#
#..........##.#.### #..#
#...........#.#...# #...
#)........#.......#######.##
#############.##..........##
#.........######
##########.........# #
#..................# #
#.########.........# #


You could see 2 gnolls.

Vanquished Creatures
  2 adders
  2 worms (D:3)
  4 dart slugs
  An orc (D:3)
  3 ball pythons
  3 endoplasms
  A giant cockroach (D:3)
  5 goblins
  5 hobgoblins
  2 jackals (D:2)
  3 quokkas
  8 bats
  A frilled lizard (D:2)
  3 kobolds (D:2)
  6 rats
49 creatures vanquished.

Vanquished Creatures (others)
  17 foxfires
17 creatures vanquished.

Grand Total: 66 creatures vanquished

Notes
Turn   | Place    | Note
-------+----------+-------------------------------------------
     0 | D:1      | SnakkuSnakku7 the Vine Stalker Fire Elementalist began the
                  | quest for the Orb.
     0 | D:1      | Reached XP level 1. HP: 9/9 MP: 4/4
   226 | D:1      | Reached skill level 1 in Unarmed Combat
   226 | D:1      | Reached XP level 2. HP: 14/14 MP: 6/6
   227 | D:1      | Reached skill level 1 in Fighting
   812 | D:2      | Found a broken altar of Ashenzari.
  1044 | D:2      | Reached XP level 3. HP: 15/18 MP: 7/7
  1433 | D:3      | Gained mutation: Your natural rate of healing is unusually
                  | fast. [Vine Stalker growth]
  1433 | D:3      | Reached XP level 4. HP: 6/23 MP: 6/8
  1586 | D:3      | Found a white marble altar of Elyvilon.
  1861 | D:3      | Found a snail-covered altar of Cheibriados.
  1861 | D:3      | Found a shimmering altar of Xom.
  2084 | D:3      | Slain by a gnoll

Illustrated notes

Levels and vault maps discovered:
D:1:      heliophobic_arrival_ceremonial_halls, layout_basic
D:2:      layout_loops_ring, basic_altar, serial_bayou_pond_c
D:3:      layout_basic, amethyst_overflow_temple_binary, elyvilon_altar_1
D:4:      minmay_thinvault, layout_loops_ring, ashenzari_conservatory_becter,
          mainiacjoe_overflow_swirl

Skill      XL: |  1  2  3 |
---------------+----------+-----
Unarmed Combat | 1 2 |  2.5
Fighting       | 1 2 |  2.3
Dodging        | |  1.5
Stealth        | |  2.4
Spellcasting   | |  2.1
Conjurations   | |  1.0
Fire Magic     | |  3.0

Action                     |  1- 3 |  4- 6 || total
---------------------------+-------+-------++-------
  Melee: Unarmed           |   125 |    39 ||   164
         Bite              |    36 |    17 ||    53
   Cast: Foxfire           |    10 |       ||    10
   Stab: Sleeping          |     3 |     4 ||     7
         Distracted        |     1 |       ||     1
 Armour: Robe              |    30 |     4 ||    34
  Dodge: Dodged            |    81 |    27 ||   108
  Block: Buckler           |    15 |     9 ||    24
